 Dungeon Crawl Stone Soup version 0.25.0-9-g26727b6 (webtiles) character file.

Game seed: 2630995182976510071

119 Gadfly the Grave Robber (level 4, -9/36 HPs)
             Began as a Deep Dwarf Necromancer on June 16, 2020.
             Killed by divine providence
             ... invoked by an orc priest
              (11 damage)
             ... on level 2 of the Dungeon.
             The game lasted 00:06:38 (3121 turns).

Gadfly the Grave Robber (Deep Dwarf Necromancer)    Turns: 3121, Time: 00:06:39

Health: -9/36      AC:  3    Str: 11    XL:     4   Next: 73%
Magic:  3/8        EV: 13    Int: 17    God:
Gold:   160        SH:  0    Dex: 13    Spells: 1/9 levels left

rFire    . . .     SeeInvis .   f - +0 spear
rCold    . . .     Gourm    .   (no shield)
rNeg     . . .     Faith    .   a - +0 robe
rPois    .         Spirit   .   (no helmet)
rElec    .         Reflect  .   (no cloak)
rCorr    +         Harm     .   (no gloves)
MR       .....                  g - +0 pair of boots
Stlth    +.........             (no amulet)
HPRegen  0.00/turn              d - ring of flight
MPRegen  0.11/turn              b - ring of resist corrosion

@: confused, non-regenerating
A: damage resistance, heal wounds, sense surroundings 1, no regeneration
a: Heal Wounds, Evoke Flight


You were on level 2 of the Dungeon.
You were not hungry.

You visited 1 branch of the dungeon, and saw 3 of its levels.

You collected 160 gold pieces.

Inventory:

Hand Weapons
 f - a +0 spear (weapon)
Missiles
 m - 8 poisoned darts (quivered)
 o - 8 curare-tipped darts
Armour
 a - a +0 robe (worn)
 g - a +0 pair of boots (worn)
Jewellery
 b - a ring of resist corrosion (right hand)
 d - a ring of flight (left hand)
Scrolls
 e - 2 scrolls of fear
 h - a scroll of random uselessness {unknown}
 j - a scroll of teleportation {unknown}
 k - a scroll of identify
 n - a scroll of remove curse
Potions
 i - a potion of lignification {unknown}
 l - a potion of magic
Comestibles
 c - 5 rations


   Skills:
 + Level 3.1 Dodging
 - Level 2.4 Stealth
 * Level 3.0 Spellcasting
 * Level 5.4 Necromancy


You had one spell level left.
You knew the following spells:

 Your Spells              Type           Power        Failure   Level  Hunger
a - Pain                  Necr           ###.         1%          1    None
b - Vampiric Draining     Necr           ###.......   5%          3    ###....
c - Animate Dead          Necr           N/A          19%         4    ####...

Your spell library contained the following spells:

 Spells                   Type           Power        Failure   Level  Hunger
 Animate Skeleton         Necr           N/A          1%          1    None
 Agony                    Necr           ###.....     45%         5    ######.


Dungeon Overview and Level Annotations

Branches:
Dungeon (3/15)

Altars:
Hepliaklqana
Nemelex Xobeh


Innate Abilities, Weirdness & Mutations

You are resistant to damage.
You can heal yourself by infusing magical energy.
You passively map a small area around you.
You do not regenerate.


Message History

You hear some strange, mumbled words.
You are confused.
You're too confused to cast spells.
You bump into the rock wall.
The orc hits you with a +0 dagger.
* * * LOW HITPOINT WARNING * * *
The orc priest barely misses you. Something hits you.
* * * LOW HITPOINT WARNING * * *
Unknown command.
You're too confused to cast spells.
You bump into the rock wall.
The orc barely misses you. Something barely misses you.
The orc priest hits you with a +0 club.
* * * LOW HITPOINT WARNING * * *
You completely miss the orc.
The orc is severely wounded.
The orc hits you with a +0 dagger.
* * * LOW HITPOINT WARNING * * *
Something hits you but does no damage.
The orc priest invokes the aid of Beogh against you.
Beogh smites you!
You die...

................###...#.........#
.......#.##.###.##...##.........#
.###.........##.................#
.............##.##...##.##....###
####....####.##.###.###.##....#
#....# #.##.# #.# #.##....#
#_...# #.##.###.# #.###.#.#
#....####.##o##..# #.# #.#.#
#....#......{@o..# #.# #...#
#.........#####..# #.# ###.# #
#.##.#..#..## #..# #.# #.# #
#.##...###..# #..# #.# ##.## #
#.#...##.##.###..###.####.#.## ##
#.#....#.(....#..........###..
.###...#.##.##.#...####.####.#.##
#.#...####.(÷####.......# ##.##
##...##....÷....##.###### ###


You could see an orc priest and an orc.

Vanquished Creatures
  An orc priest (D:2)
  3 worms (D:2)
  2 dart slugs
  A leopard gecko (D:2)
  5 orcs
  3 giant cockroaches
  4 goblins
  9 hobgoblins
  14 jackals
  A quokka (D:2)
  A ball python (D:2)
  7 bats
  3 frilled lizards
  3 kobolds
  7 rats
64 creatures vanquished.

Notes
Turn   | Place    | Note
-------+----------+-------------------------------------------
     0 | D:1      | Gadfly the Deep Dwarf Necromancer began the quest for the
                  | Orb.
     0 | D:1      | Reached XP level 1. HP: 15/15 MP: 3/3
     0 | D:1      | Noticed a tentacled monstrosity
     0 | D:1      | Noticed a green draconian
     1 | D:1      | Noticed an iron dragon
     3 | D:1      | Noticed a shadow dragon
     3 | D:1      | Noticed a large abomination
     5 | D:1      | Noticed an orb of fire
     6 | D:1      | Noticed an orb of fire
     7 | D:1      | Noticed an iron dragon
     8 | D:1      | Noticed a large abomination
    10 | D:1      | Noticed a green draconian
    10 | D:1      | Noticed an iron dragon
    12 | D:1      | Noticed a large abomination
    13 | D:1      | Noticed a red draconian
    14 | D:1      | Noticed a tentacled monstrosity
    16 | D:1      | Noticed an iron dragon
    16 | D:1      | Noticed a purple draconian
    22 | D:1      | Noticed a shadow dragon
   265 | D:1      | Reached XP level 2. HP: 20/22 MP: 0/5
  1138 | D:1      | Reached XP level 3. HP: 10/28 MP: 3/6
  1143 | D:1      | Learned a level 3 spell: Vampiric Draining
  1451 | D:2      | Found a hazy altar of Hepliaklqana.
  1740 | D:2      | Reached skill level 5 in Necromancy
  2177 | D:2      | Reached XP level 4. HP: 20/36 MP: 1/8
  2200 | D:2      | Learned a level 4 spell: Animate Dead
  2448 | D:2      | Found a sparkling altar of Nemelex Xobeh.
  3121 | D:2      | Killed from afar by an orc priest

Illustrated notes

Levels and vault maps discovered:
D:1:      shiori_arrival_whats_in_store_for_you, layout_basic
D:2:      layout_loops_ring, lemuel_coloured_pillars_altar,
          overflow_temple_1_default, first_ration,
          minmay_fractal_squares_gapless_5
D:3:      layout_basic, lemuel_zombie_altar_yredelemnul, tgw_trog, serial_glass,
          glass_columns_b, glass_columns_b, nicolae_dithmenos_shadow_blocks

Skill      XL: |  1  2  3  4 |
---------------+-------------+-----
Spellcasting   | 2 3 |  3.0
Necromancy     | 5 |  5.4
Dodging        | 3 |  3.1
Stealth        | |  2.4

Action                   |  1- 3 |  4- 6 || total
-------------------------+-------+-------++-------
Melee: Club              |     6 |       ||     6
       Spear             |   142 |    50 ||   192
 Cast: Pain              |    31 |     1 ||    32
       Vampiric Draining |    13 |    14 ||    27
  Use: Scroll            |     3 |     1 ||     4
 Stab: Sleeping          |     4 |     2 ||     6
  Eat: Chunk             |     6 |     5 ||    11
Armor: Robe              |    46 |    16 ||    62
Dodge: Dodged            |   155 |    50 ||   205
